Map: Moondance

Players

A.I. 1 (Very Easy) - Winner!

  • Race: Protoss Protoss
  • Spawn Location: 6:00

CheeseMe

  • Race: Protoss Protoss
  • League: Master
  • Spawn Location: 12:00

VOD

Have the link to the VOD?

Description

Time

  • Played on: Dec. 6, 2022, 10 p.m.
  • Length: 5:54
Show
View Real Time Build Order
Export as new Build Order

A.I. 1 (Very Easy) Protoss - Winner!

Build Orders:  

Get SALT Encoding   

  12  0:00  Probe  
  13  0:13  Probe  
  14  0:19  Pylon  
  14  0:37  Assimilator  
  14  0:42  Gateway  
  14  0:45  Pylon  
  14  1:13  Assimilator  
  14  1:22  Probe  
  14  1:29  Zealot  
  14  1:31  Probe  
  14  1:32  Cybernetics Core  
  17  1:39  Probe  
  19  1:49  Probe  
  20  1:59  Warp Gate, Probe  
  20  2:07  Probe  
  22  2:41  Stalker  
Show
View Real Time Build Order
Export as new Build Order

CheeseMe Protoss 

Build Orders: Phoenix Opening 

Get SALT Encoding   

  12  0:00  Probe  
  13  0:12  Probe  
  14  0:18  Pylon  
  14  0:24  Probe (Chrono Boost)  
  15  0:36  Probe (Chrono Boost)  
  15  0:37  Gateway  
  16  0:45  Probe (Chrono Boost)  
  16  0:46  Assimilator  
  17  0:51  Probe  
  17  0:55  Assimilator  
  18  1:03  Probe  
  19  1:09  Gateway  
  19  1:15  Probe (Chrono Boost)  
  20  1:25  Probe (Chrono Boost), Cybernetics Core  
  21  1:30  Probe (Chrono Boost)  
  22  1:38  Pylon  
  22  1:41  Probe  
  23  1:56  Probe  
  23  1:59  Warp Gate (Chrono Boost)  
  23  2:01  Stalker x2  
  28  2:14  Pylon  
  28  2:31  Sentry  
  30  2:39  Sentry, Nexus  
  30  2:44  Probe  
  33  2:47  Shield Battery  
  33  2:56  Probe  
  33  2:58  Stalker  
  27  3:05  Phoenix  
  36  3:07  Sentry  
  36  3:08  Pylon  
  36  3:11  Probe  
  39  3:24  Twilight Council  
  39  3:26  Probe  
  40  3:38  Probe  
  40  3:41  Stalker  
  43  3:43  Stalker  
  45  3:51  Probe (Chrono Boost)  
  47  3:56  Probe (Chrono Boost)  
  47  4:01  Probe (Chrono Boost)  
  48  4:05  Probe (Chrono Boost), Blink (Chrono Boost)  
  48  4:08  Probe  
  50  4:15  Probe  
  51  4:20  Probe  
  51  4:22  Stalker  
  54  4:27  Probe  
  54  4:30  Stalker  
  57  4:32  Probe  
  58  4:43  Pylon  
  58  4:46  Nexus  
  58  4:49  Probe x2  
  60  4:53  Stalker  
  62  5:00  Robotics Facility  
  62  5:06  Stalker  
  64  5:07  Probe  
  64  5:08  Probe  
  64  5:10  Shield Battery  
  66  5:17  Pylon, Stalker  
  66  5:20  Assimilator  
  68  5:21  Probe  
  68  5:22  Probe  
  70  5:35  Probe x2  
  72  5:37  Gateway  
  72  5:39  Gateway  
  72  5:40  Stalker  
Tags
 
League
Master
Matchup
PvP
Spawn Locations
Cross Positions
Add a new tag
Caveats
  • Supply blocks, unpowered buildings, or Contaminate may cause inaccurate times.
  • Supply counts are checked every 10 seconds.